 Dungeon Crawl Stone Soup version 0.30-a0-847-g17996783a1 (webtiles) character file.

Game seed: 7536824757320004841

2429 Ceno the Summoner (level 9, -3/44 HPs)
             Began as a Felid Delver on Mar 3, 2023.
             Was a Follower of Elyvilon.
             Killed by an exploding themself (25 damage)
             ... ignited by their inner flame
             ... on level 9 of the Dungeon.
             The game lasted 00:37:14 (10173 turns).

Ceno the Summoner (Felid Delver)                   Turns: 10173, Time: 00:37:15

Health: -3/44      AC:  2    Str:  8    XL:     9   Next: 24%
Magic:  7/19       EV: 19    Int: 16    God:    Elyvilon [*.....]
Gold:   636        SH:  0    Dex: 17    Spells: 1/8 levels left
                                        Lives:  0   Deaths: 2

rFire   . . .      SeeInvis +      - Unarmed
rCold   + . .      Faith    .    (shield unavailable)
rNeg    . . .      Spirit   .    (body armour unavailable)
rPois   .          Reflect  .    (helmet unavailable)
rElec   .          Rampage  .    (cloak unavailable)
rCorr   .                        (gloves unavailable)
Will    +....                    (boots unavailable)
Stlth   ++++                     (no amulet)
HPRegen 0.27/turn                g - ring of protection from cold
MPRegen 0.16/turn                n - ring of magical power

@: quick
A: very small, claws 1, fangs 3, see invisible, speed 1, shaggy fur 2, stealthy
paws, no weapons or thrown items, no armour, multi-lived
a: Renounce Religion, Purification


You were on level 9 of the Dungeon.
You worshipped Elyvilon.
Elyvilon was aware of your devotion.
You visited 2 branches of the dungeon, and saw 10 of its levels.
You also visited: Ossuary.

You collected 636 gold pieces.

Inventory:

Jewellery
 g - a ring of protection from cold (left paw)
 n - a ring of magical power (right paw)
 o - a ring of fire
Wands
 e - a wand of digging (2)
Scrolls
 a - 3 scrolls of fog
 c - a scroll of teleportation
 f - 3 scrolls of immolation
 i - a scroll of enchant weapon {unknown}
 k - a scroll of magic mapping
 p - a scroll of silence {unknown}
 q - a scroll of butterflies {unknown}
 r - 2 scrolls of brand weapon {unknown}
 s - 3 scrolls of fear
 t - a scroll of vulnerability {unknown}
 B - a scroll of noise {unknown}
 C - a scroll of poison {unknown}
 D - a scroll of enchant armour {unknown}
Potions
 b - a potion of brilliance {unknown}
 d - 4 potions of attraction
 h - 4 potions of heal wounds
 j - a potion of cancellation {unknown}
 l - 3 potions of curing
 m - 3 potions of invisibility {unknown}
 u - a potion of berserk rage {unknown}
 v - 2 potions of flight {unknown}
 w - 4 potions of magic {unknown}
 x - a potion of might {unknown}
 A - 4 potions of mutation {unknown}
 E - 3 potions of ambrosia
Miscellaneous
 y - a phial of floods


   Skills:
 + Level 7.9 Fighting
 + Level 4.4 Dodging
 - Level 8.0 Stealth
 + Level 8.4 Unarmed Combat
 + Level 8.9 Summonings
 - Level 5.0 Evocations


You had one spell level left.
You knew the following spells:

 Your Spells              Type           Power      Damage    Failure   Level
a - Summon Small Mammal   Summ           100%       N/A       1%          1
b - Call Canine Familiar  Summ           28%        N/A       1%          3
c - Summon Guardian Gole  Hex/Summ       14%        N/A       12%         3

Your spell library contained the following spells:

 Spells                   Type           Power      Damage    Failure   Level
 Cigotuvi's Dreadful Rot  Necr/Pois/Air  0%         N/A       36%         2
 Sublimation of Blood     Necr           0%         N/A       36%         2
 Wereblood                Tmut           0%         N/A       36%         2
 Dispel Undead            Necr           0%         3d6       94%         4
 Summon Hydra             Summ           14%        N/A       99%         7
 Death Channel            Necr           0%         N/A       100%        6


Dungeon Overview and Level Annotations

Branches:
Dungeon (9/15)             Temple (1/1) D:5         Ossuary (visited)
   Lair: D:8-11         Orc: D:9-12

Altars:
Ashenzari
Cheibriados
Dithmenos
Elyvilon
Fedhas
Gozag
Hepliaklqana
Kikubaaqudgha
Nemelex Xobeh
Okawaru
Qazlal
Ru
Sif Muna
Trog
Vehumet
Wu Jian
Xom
Yredelemnul
Zin
The Shining One

Shops:
D:4 !*   D:8 (

Annotations:
D:3 1 runed translucent door, Crazy Yiuf
D:9 2 transporters, jasper's ghost, novice DEEE


Innate Abilities, Weirdness & Mutations

You have sharp claws.
You have razor-sharp teeth.
You have supernaturally acute eyesight. (SInv)
You cover ground quickly. (Speed+)
You are covered in thick fur. (AC +2)
Your paws help you pounce on unaware monsters.
You are incapable of wielding weapons or throwing items.
You cannot wear armour.
You gain extra lives every three experience levels.


Message History

Your guardian golem disappears in a puff of smoke!
A wight comes into view. It is wielding a +0 flail.
Jasper's ghost frowns in concentration.
Casting: Summon Guardian Golem (dangerous; 12% risk of failure)
Confirm with . or Enter, or press ? or * to list all spells.
A guardian golem appears, shielding your allies.
Casting: Summon Guardian Golem (dangerous; 12% risk of failure)
Confirm with . or Enter, or press ? or * to list all spells.
You don't know that spell.
Casting: Summon Guardian Golem (dangerous; 12% risk of failure)
Confirm with . or Enter, or press ? or * to list all spells.
The wight hits your guardian golem with a +0 flail.
The wight hits your guardian golem with a +0 flail.
The wight hits your guardian golem with a +0 flail.
You swap places.
The wight misses you.
You see here a killer bee corpse.
You scratch the wight.
The wight is moderately damaged.
You barely miss the wight. Your bite misses the wight.
The wight is moderately damaged.
The wight misses you.
You scratch the wight. You claw the wight, but do no damage.
You bite the wight, but do no damage.
The wight is moderately damaged.
The wight completely misses you.
You scratch the wight.
The wight is severely damaged.
The wight hits you with a +0 flail!
You swap places.
The wight hits your guardian golem with a +0 flail!
The wight hits your guardian golem with a +0 flail!
Your guardian golem overheats!
The wight hits your guardian golem with a +0 flail!
Flame seeps out of your guardian golem.
Your guardian golem is engulfed in blazing flames.
Your guardian golem disappears in a puff of smoke!
Your guardian golem explodes!
The fiery explosion engulfs you!!
Ouch! That really hurt!
You die...

#y†. ............
... #.#####..... .z.
# #.#### #.
#.######.# #.# ###..
..## #........## #.#
...©. ...# #†)......
... ##### #..##
#z####### #.. #..
.### #..####○# #.. .
...# #....@h# ..
..##[#.#### .#..
###...# #..# .###
#...##
.#...#...###.##
..###.!#yW##.#
.#...#.yy###.#
#$=©W(#####..######
#.####
##########..........


#yyyyy You could see a wight (ally target), jasper's ghost and a friendly hound
(summoned, sheltered).

Vanquished Creatures
  A hornet (D:9)
  Prince Ribbit (D:7)
  Sigmund (D:4)
  A wyvern (D:9)
  A yak (D:8)
  4 ice beasts
  A centaur (D:8)
  A phantom (D:6)
  3 kobold brigands
  3 scorpions (D:4)
  3 killer bees (D:9)
  A howler monkey (D:5)
  A hound (D:6)
  2 orc priests
  Ijyb (D:3)
  4 iguanas
  3 orc wizards
  3 mummies
  8 adders
  2 shadow imps
  An ufetubus (D:7)
  9 dart slugs
  8 orcs
  10 ball pythons
  7 endoplasms
  3 giant cockroaches
  A gnoll zombie (Ossuary)
  3 goblins
  11 hobgoblins
  2 jackals (D:2)
  4 quokkas
  5 bats
  A frilled lizard (D:1)
  10 kobolds
  A kobold zombie (Ossuary)
  An orc zombie (Ossuary)
  6 rats
128 creatures vanquished.

Vanquished Creatures (collateral kills)
  Pikel (D:7)
  A yak (D:7)
  A wyvern (D:8)
  A water moccasin (D:8)
  An ogre (D:3)
  2 kobold brigands (D:8)
  A jelly (D:4)
  A sleepcap (D:5)
  2 iguanas
  2 orc wizards (D:4)
  3 mummies (Ossuary)
  An adder (D:4)
  4 white imps (D:7)
  A worm (D:2)
  3 dart slugs (D:5)
  16 orcs
  An endoplasm (D:4)
  A gnoll zombie (Ossuary)
  2 goblins
  A hobgoblin (D:4)
  2 hobgoblin zombies (Ossuary)
  7 kobolds
  A kobold zombie (Ossuary)
56 creatures vanquished.

Vanquished Creatures (others)
  A manticore (D:7)
  Joseph (D:7)
  2 yaks (D:8)
  Duvessa (D:7)
  An orc warrior (D:9)
  A wight (D:9)
  5 killer bees (D:9)
  Dowan (D:7)
  An orc wizard (D:7)
  3 mummies (Ossuary)
  3 orcs (D:7)
  An orc zombie (Ossuary)
21 creatures vanquished.

Grand Total: 205 creatures vanquished

Notes
Turn   | Place    | Note
-------+----------+-------------------------------------------
     0 | D:5      | Ceno the Felid Delver began the quest for the Orb.
     0 | D:5      | Reached XP level 1. HP: 10/10 MP: 2/2
    11 | D:5      | Noticed a jelly
    11 | D:5      | Noticed a scorpion
    12 | D:5      | Noticed an orc wizard
    13 | D:5      | Noticed an orc wizard
    27 | D:6      | Noticed a phantom
   103 | D:6      | Noticed an iguana
   106 | D:6      | Killed an iguana
   107 | D:6      | Reached XP level 2. HP: 14/14 MP: 3/3
   145 | D:5      | Reached XP level 3. HP: 17/17 MP: 4/4
   147 | D:5      | Learned a level 1 spell: Summon Small Mammal
   202 | D:5      | Found a shadowy altar of Dithmenos.
   205 | D:5      | Noticed a scorpion
   287 | D:6      | Noticed an ice beast
   297 | D:6      | Killed an ice beast
   298 | D:6      | Reached XP level 4. HP: 9/22 MP: 5/5
   298 | D:6      | Reached XP level 5. HP: 10/25 MP: 6/6
   676 | D:5      | Noticed an ice beast
   683 | D:5      | Killed an ice beast
   684 | D:5      | Reached skill level 1 in Summonings
   843 | D:5      | Gained mutation: You are covered in thick fur. (AC +2)
                  | [Felid growth]
   843 | D:5      | Reached XP level 6. HP: 29/29 MP: 5/7
   908 | D:5      | Found a staircase to the Ecumenical Temple.
   923 | Temple   | Entered the Ecumenical Temple
  1297 | D:4      | Learned a level 3 spell: Call Canine Familiar
  1392 | D:4      | Noticed an ice beast
  1422 | D:4      | Killed an ice beast
  1710 | D:2      | Reached skill level 5 in Fighting
  1745 | D:2      | Found a broken altar of Ashenzari.
  1978 | D:1      | Reached XP level 7. HP: 33/33 MP: 8/8
  3163 | D:3      | Found a runed translucent door.
  3164 | D:3      | Noticed Crazy Yiuf
  3502 | D:3      | Noticed Ijyb
  3511 | D:3      | Killed Ijyb
  4107 | D:4      | Found Nasasuff's Distillery.
  4144 | D:4      | Reached skill level 1 in Evocations
  4241 | D:4      | Noticed Sigmund
  4251 | D:4      | Killed Sigmund
  4252 | D:4      | Reached skill level 5 in Unarmed Combat
  4252 | D:4      | Reached skill level 5 in Summonings
  4329 | D:4      | Reached XP level 8. HP: 37/37 MP: 9/9
  4377 | D:4      | Found Zin's Purification Station.
  4379 | D:4      | Found a glowing silver altar of Zin.
  4767 | D:4      | Learned a level 3 spell: Summon Guardian Golem
  6045 | D:7      | Noticed Pikel
  6046 | D:7      | Noticed a manticore
  6125 | D:7      | Noticed Prince Ribbit
  6368 | D:7      | Killed Prince Ribbit
  6464 | D:7      | Killed Pikel
  6465 | D:7      | Reached XP level 9. HP: 19/41 MP: 8/10
  6695 | D:7      | Noticed Joseph
  6891 | D:7      | Noticed Duvessa
  6891 | D:7      | Noticed Dowan
  6960 | D:7      | Killed by an exploding themself... ignited by their inner
                  | flame
  6961 | D:7      | Reached XP level 8. HP: -11/38 MP: 7/18
  6980 | D:7      | Killed Joseph
  6981 | D:7      | Reached skill level 5 in Evocations
  6988 | D:7      | Killed a manticore
  7433 | D:7      | Killed Duvessa
  7434 | D:7      | Reached XP level 9. HP: 36/42 MP: 10/10
  7436 | D:7      | Killed Dowan
  7958 | D:8      | Found a sand-covered staircase.
  7965 | Ossuary  | Entered an ossuary
  8785 | D:8      | Found a white marble altar of Elyvilon.
  8793 | D:8      | Became a worshipper of Elyvilon the Healer
  8928 | D:8      | Found Piotwao's Weapon Shoppe.
  9117 | D:8      | Found a shimmering altar of Xom.
  9121 | D:8      | Found a shimmering altar of Xom.
  9123 | D:8      | Found a shimmering altar of Xom.
  9123 | D:8      | Found a shimmering altar of Xom.
  9279 | D:8      | Identified the +3 dagger of Xoiv {spect, rC+ Dex+4}
  9784 | D:9      | Reached * piety under Elyvilon
  9786 | D:9      | Found a shimmering blue altar of Sif Muna.
  9789 | D:9      | Found a snail-covered altar of Cheibriados.
  9798 | D:9      | Mangled by a wyvern
  9799 | D:9      | Reached XP level 8. HP: -8/40 MP: 14/18
  9810 | D:9      | Noticed a hornet
  9817 | D:9      | Killed a hornet
  9845 | D:9      | Reached XP level 9. HP: 35/43 MP: 10/10
 10084 | D:9      | Found a transporter.
 10088 | D:9      | Found a transporter.
 10089 | D:9      | Noticed jasper's ghost (novice DEEE)
 10173 | D:9      | Killed by an exploding themself... ignited by their inner
                  | flame

Illustrated notes

Levels and vault maps discovered:
D:1:      amcnicky_arrival_flooded_fountain, layout_loops_ring
D:2:      layout_rooms, basic_altar
D:3:      layout_loops_ring, minmay_misc_feat_diagonals, uniq_ijyb,
          uniq_crazy_yiuf_cottage
D:4:      layout_loops_ring, zin_purify, grunt_decor_resistance,
          kennysheep_windowed_goal, uniq_sigmund
D:5:      kennysheep_slugbush, layout_basic, old_standard_altar,
          minmay_temple_entry_arrows, kennysheep_generic_room_5
D:6:      layout_basic
D:7:      layout_gridville, uniq_pikel, uniq_prince_ribbit1, uniq_duvessa,
          uniq_joseph
D:8:      layout_layer_cave, xom_shifter_show, elyvilon_altar_3, serial_shops,
          shop_fountains, gup_ossuary_entry_pyramid
D:9:      layout_loops_ring, chequers_temple_overflow_statue_of_worship,
          nicolae_uskayaw_murder_on_the_dancefloor,
          mainiacjoe_overflow_boulevard, gammafunk_ghost_hive,
          minmay_ruined_shrine
Temple:   jpeg_temple_clearing

Skill      XL: |  1  2  3  4  5  6  7  8  9 |
---------------+----------------------------+-----
Stealth        | 7 8 |  8.0
Fighting       | 4 5 6 7 |  7.9
Unarmed Combat | 3 4 5 7 8 |  8.4
Summonings     | 1 3 5 7 8 |  8.9
Evocations     | 2 5 |  5.0
Dodging        | 4 3 |  4.4

Action                     |  1- 3 |  4- 6 |  7- 9 || total
---------------------------+-------+-------+-------++-------
  Melee: Unarmed           |    10 |    81 |   268 ||   359
         Bite              |     2 |     7 |    27 ||    36
         Punch             |     1 |     1 |     9 ||    11
   Cast: Summon Small Mamm |       |    22 |   120 ||   142
         Call Canine Famil |       |     3 |    69 ||    72
         Summon Guardian G |       |       |    28 ||    28
  Evoke: Wand              |       |       |     5 ||     5
    Use: Scroll            |     2 |       |     7 ||     9
         Potion            |       |     2 |     2 ||     4
   Stab: Sleeping          |     4 |    14 |    24 ||    42
         Distracted        |       |       |     7 ||     7
 Armour: Skin              |       |     6 |    15 ||    21
  Dodge: Dodged            |     6 |    63 |   194 ||   263

Table legend: (Time is in decaauts)
 A = Elapsed time spent in this place.
 B = Non-inter-level travel time spent in this place.
 C = Inter-level travel time spent in this place.
 D = Time resting spent in this place.
 E = Time spent auto-exploring this place.
 F = Levels seen in this place.
 G = Mean time per level.
                   A        B        C        D        E       F      G
               +--------+--------+--------+--------+--------+-----+--------+
         Total |   8782 |   8366 |    416 |   1636 |   3341 |  11 |  798.4 |
       Dungeon |   8420 |   8018 |    402 |   1549 |   3232 |   9 |  935.6 |
        Temple |     94 |     81 |     13 |      4 |     55 |   1 |   94.0 |
       Ossuary |    267 |    267 |      0 |     83 |     54 |   1 |  267.0 |
               +--------+--------+--------+--------+--------+-----+--------+

Top non-repeatable levels by time:
     D:7: 1446 daAuts
     D:8: 1252 daAuts
     D:4: 1240 daAuts
     D:5: 1211 daAuts
     D:6: 938 daAuts
     D:1: 616 daAuts
     D:3: 615 daAuts
     D:2: 549 daAuts
     D:9: 548 daAuts
 Ossuary: 267 daAuts
  Temple: 94 daAuts
